TOP OF THE 1ST |
Boston College Eagles batting - Pitching for Purdue Boilermakers : LHP César Galván
|
Pitching: LHP César Galván
|
|
Batting: RHB Alan Mercado
|
0-0: Ball 1-0: Swinging Strike 1-1: Ground out 1-3 (Groundball, P)
|
Batting: RHB Armando Blanco
|
0-0: Ball 1-0: Ball 2-0: SINGLE (Groundball, 4MD)
|
Batting: SHB Felipe Castro
|
0-0: Foul Ball, location: 2F 0-1: Ball 1-1: Called Strike 1-2: Foul Ball, location: 2F 1-2: Ball 2-2: 2-RUN HOME RUN (Flyball, 78XD), Distance : 431 ft
|
Batting: LHB Rafael Yan
|
0-0: Called Strike 0-1: Ball 1-1: Swinging Strike 1-2: Strikes out swinging
|
Batting: RHB Justin Waterston
|
0-0: Called Strike 0-1: Fly out, F4 (Line Drive, 4)
|
Top of the 1st over - 2 run(s), 2 hit(s), 0 error(s), 0 left on base; Boston College 2 - Purdue 0 |
BOTTOM OF THE 1ST |
Purdue Boilermakers batting - Pitching for Boston College Eagles : RHP Conrad Wilkinson
|
Pitching: RHP Conrad Wilkinson
|
|
Batting: SHB Darren Campbell
|
0-0: Called Strike 0-1: Foul Ball, location: 2F 0-2: Ball 1-2: Foul Ball, location: 2F 1-2: Ball 2-2: Foul Ball, location: 2F 2-2: Ball 3-2: Base on Balls
|
Batting: SHB Johnny Jackson
|
0-0: Hit by Pitch Darren Campbell to second
|
Batting: LHB Rodney Harrison
|
0-0: Ball 1-0: Ball 2-0: Ball 3-0: Called Strike 3-1: Base on Balls Darren Campbell to third Johnny Jackson to second
|
Batting: RHB Jorge Molina
|
0-0: Swinging Strike 0-1: Ball 1-1: Called Strike 1-2: Ball 2-2: Fly out, F8 (Flyball, 8LS)
|
Batting: LHB Joe Kent
|
0-0: Called Strike 0-1: Foul Ball, location: 2F 0-2: Ball 1-2: Ball 2-2: Fly out, F9 (Flyball, 89M) Runner from 3rd tags up, SCORES, no throw
|
Batting: RHB Bill Gilmore
|
0-0: SINGLE (Line Drive, 78M) Johnny Jackson to third Rodney Harrison to second
|
Batting: RHB Joe Meads
|
0-0: Ball 1-0: Called Strike 1-1: Ball 2-1: Foul Ball, location: 2F 2-2: Strikes out swinging
|
Bottom of the 1st over - 1 run(s), 1 hit(s), 0 error(s), 3 left on base; Boston College 2 - Purdue 1 |
TOP OF THE 2ND |
Boston College Eagles batting - Pitching for Purdue Boilermakers : LHP César Galván
|
Batting: RHB Stanley Wallace
|
0-0: Called Strike 0-1: Fly out, F4 (Popup, 4)
|
Batting: RHB Jason Sears
|
0-0: Ball 1-0: Ball 2-0: Foul Ball, location: 2F 2-1: Fly out, F6 (Line Drive, 6)
|
Batting: LHB Hoyt Baldwin
|
0-0: Swinging Strike 0-1: Foul Ball, location: 2F 0-2: Ball 1-2: Foul Ball, location: 2F 1-2: Foul Ball, location: 2F 1-2: Ball 2-2: Strikes out swinging
|
Top of the 2nd over - 0 run(s), 0 hit(s), 0 error(s), 0 left on base; Boston College 2 - Purdue 1 |
BOTTOM OF THE 2ND |
Purdue Boilermakers batting - Pitching for Boston College Eagles : RHP Conrad Wilkinson
|
Batting: RHB Jim MacAchounich
|
0-0: Ball 1-0: Fly out, F9 (Line Drive, 9LM)
|
Batting: SHB Bryan Atkins
|
0-0: Ball 1-0: Ball 2-0: Ball 3-0: Foul Ball, location: 2F 3-1: Base on Balls
|
Batting: SHB Darren Campbell
|
0-0: Swinging Strike 0-1: Foul Ball, location: 2F 0-2: Foul Ball, location: 2F 0-2: Ball Bryan Atkins steals 2nd base 1-2: Strikes out looking
|
Batting: SHB Johnny Jackson
|
0-0: Ball 1-0: Ground out 3-1 (Groundball, 34)
|
Bottom of the 2nd over - 0 run(s), 0 hit(s), 0 error(s), 1 left on base; Boston College 2 - Purdue 1 |
TOP OF THE 3RD |
Boston College Eagles batting - Pitching for Purdue Boilermakers : LHP César Galván
|
Batting: SHB Marvin MacGeoch
|
0-0: Ball 1-0: Ball 2-0: Fly out, F8 (Flyball, 8RM)
|
Batting: RHB Alan Mercado
|
0-0: Called Strike 0-1: Ball 1-1: Ball 2-1: Foul Ball, location: 2F 2-2: Fly out, F7 (Flyball, 7)
|
Batting: RHB Armando Blanco
|
0-0: Called Strike 0-1: Ball 1-1: Swinging Strike 1-2: Strikes out looking
|
Top of the 3rd over - 0 run(s), 0 hit(s), 0 error(s), 0 left on base; Boston College 2 - Purdue 1 |
BOTTOM OF THE 3RD |
Purdue Boilermakers batting - Pitching for Boston College Eagles : RHP Conrad Wilkinson
|
Batting: LHB Rodney Harrison
|
0-0: Called Strike 0-1: Foul Ball, location: 2F 0-2: Ball 1-2: Fly out, F7 (Line Drive, 7)
|
Batting: RHB Jorge Molina
|
0-0: Ball 1-0: SINGLE (Line Drive, 56D)
|
Batting: LHB Joe Kent
|
0-0: SINGLE (Groundball, 4MD) Jorge Molina to second
|
Batting: RHB Bill Gilmore
|
0-0: Ball 1-0: Foul Ball, location: 2F 1-1: Swinging Strike 1-2: Ball 2-2: Strikes out swinging
|
Batting: RHB Joe Meads
|
0-0: Called Strike 0-1: Foul Ball, location: 2F 0-2: SINGLE (Flyball, 8LS) Jorge Molina to third Joe Kent to second Runner from 3rd tries for Home, SAFE, no throw
|
Batting: RHB Jim MacAchounich
|
0-0: Foul Ball, location: 2F 0-1: Ball 1-1: Swinging Strike 1-2: Strikes out looking
|
Bottom of the 3rd over - 1 run(s), 3 hit(s), 0 error(s), 2 left on base; Boston College 2 - Purdue 2 |
TOP OF THE 4TH |
Boston College Eagles batting - Pitching for Purdue Boilermakers : LHP César Galván
|
Batting: SHB Felipe Castro
|
0-0: Ball 1-0: Ball 2-0: Called Strike 2-1: Swinging Strike 2-2: Fly out, F7 (Line Drive, 7)
|
Batting: LHB Rafael Yan
|
0-0: Ball 1-0: Foul Ball, location: 2F 1-1: TRIPLE (Flyball, 9LM)
|
Batting: RHB Justin Waterston
|
0-0: Called Strike 0-1: Swinging Strike 0-2: Ball 1-2: Ball 2-2: Ball 3-2: Strikes out swinging
|
Batting: RHB Stanley Wallace
|
0-0: Called Strike 0-1: Ground out U3 (Groundball, 34)
|
Top of the 4th over - 0 run(s), 1 hit(s), 0 error(s), 1 left on base; Boston College 2 - Purdue 2 |
BOTTOM OF THE 4TH |
Purdue Boilermakers batting - Pitching for Boston College Eagles : RHP Conrad Wilkinson
|
Batting: SHB Bryan Atkins
|
0-0: Ball 1-0: Foul Ball, location: 2F 1-1: Foul Ball, location: 2F 1-2: Foul Ball, location: 2F 1-2: Ground out U3 (Groundball, 34)
|
Batting: SHB Darren Campbell
|
0-0: Ball 1-0: Called Strike 1-1: Ball 2-1: Called Strike 2-2: Foul Ball, location: 2F 2-2: Strikes out swinging
|
Batting: SHB Johnny Jackson
|
0-0: Swinging Strike 0-1: Ball 1-1: Ball 2-1: Called Strike 2-2: Foul Ball, location: 2F 2-2: Ball 3-2: Foul Ball, location: 2F 3-2: Base on Balls
|
Pitching: RHP Brad Potter
|
|
Batting: LHB Rodney Harrison
|
0-0: Ball 1-0: Ball 2-0: Ball 3-0: Base on Balls Johnny Jackson to second
|
Batting: RHB Jorge Molina
|
0-0: Reached on error, E6 (Groundball, 6) Johnny Jackson to third Rodney Harrison to second
|
Batting: LHB Joe Kent
|
0-0: Called Strike 0-1: Ball 1-1: Foul Ball, location: 2F 1-2: Foul Ball, location: 2F 1-2: Foul Ball, location: 2F 1-2: Ball 2-2: Ball 3-2: SINGLE (Groundball, 4MD) Johnny Jackson scores Rodney Harrison to third Jorge Molina to second Rodney Harrison scores Jorge Molina to third
|
Batting: RHB Bill Gilmore
|
0-0: Called Strike 0-1: Ground out 5-3 (Groundball, 56)
|
Bottom of the 4th over - 2 run(s), 1 hit(s), 1 error(s), 2 left on base; Boston College 2 - Purdue 4 |
TOP OF THE 5TH |
Boston College Eagles batting - Pitching for Purdue Boilermakers : LHP César Galván
|
Batting: RHB Jason Sears
|
0-0: Called Strike 0-1: Swinging Strike 0-2: Ball 1-2: DOUBLE (Groundball, 5L)
|
Batting: LHB Hoyt Baldwin
|
0-0: Ball 1-0: Ball 2-0: Ball 3-0: Called Strike 3-1: Called Strike 3-2: DOUBLE (Flyball, 8RM) Jason Sears scores
|
Batting: SHB Marvin MacGeoch
|
0-0: Called Strike 0-1: Ball 1-1: Called Strike 1-2: Strikes out swinging
|
Batting: RHB Alan Mercado
|
0-0: Foul Ball, location: 2F 0-1: Ball 1-1: Swinging Strike 1-2: Strikes out swinging
|
Batting: RHB Armando Blanco
|
0-0: Foul Ball, location: 2F 0-1: Ball 1-1: Ball 2-1: Ball 3-1: Foul Ball, location: 2F 3-2: Strikes out looking
|
Top of the 5th over - 1 run(s), 2 hit(s), 0 error(s), 1 left on base; Boston College 3 - Purdue 4 |
BOTTOM OF THE 5TH |
Purdue Boilermakers batting - Pitching for Boston College Eagles : RHP Brad Potter
|
Batting: RHB Joe Meads
|
0-0: Called Strike 0-1: Ball 1-1: Fly out, F8 (Flyball, 8LM)
|
Batting: RHB Jim MacAchounich
|
0-0: Ball 1-0: Foul Ball, location: 2F 1-1: Swinging Strike 1-2: Fly out, F8 (Flyball, 89M)
|
Batting: SHB Bryan Atkins
|
0-0: TRIPLE (Flyball, 9LM)
|
Batting: SHB Darren Campbell
|
0-0: Ball 1-0: Swinging Strike 1-1: Called Strike 1-2: SINGLE (Groundball, 4MD) Bryan Atkins scores
|
Batting: SHB Johnny Jackson
|
0-0: Called Strike 0-1: Ball 1-1: Called Strike 1-2: SINGLE (Line Drive, 89S) Darren Campbell to second Runner from 2nd tries for 3rd, SAFE, no throw
|
Batting: LHB Rodney Harrison
|
0-0: Ball 1-0: Ball 2-0: Ball 3-0: Called Strike 3-1: Called Strike 3-2: SINGLE (Flyball, 8RS) Darren Campbell scores Johnny Jackson to second Johnny Jackson to third
|
Batting: RHB Jorge Molina
|
0-0: Called Strike 0-1: Ball 1-1: Fly out, F7 (Flyball, 7S)
|
Bottom of the 5th over - 2 run(s), 4 hit(s), 0 error(s), 2 left on base; Boston College 3 - Purdue 6 |
TOP OF THE 6TH |
Boston College Eagles batting - Pitching for Purdue Boilermakers : LHP César Galván
|
Pitching: RHP Jonathan Clark
|
|
Batting: SHB Felipe Castro
|
0-0: Ball 1-0: Called Strike 1-1: Foul Ball, location: 2F 1-2: Ball 2-2: Fly out, F7 (Flyball, 7)
|
Batting: LHB Rafael Yan
|
0-0: Ball 1-0: Ball 2-0: Foul Ball, location: 2F 2-1: Foul Ball, location: 2F 2-2: Ball 3-2: Foul Ball, location: 2F 3-2: Base on Balls
|
Batting: RHB Justin Waterston
|
0-0: Grounds into double play, 4-6-3 (Groundball, 4)
|
Top of the 6th over - 0 run(s), 0 hit(s), 0 error(s), 0 left on base; Boston College 3 - Purdue 6 |
BOTTOM OF THE 6TH |
Purdue Boilermakers batting - Pitching for Boston College Eagles : RHP Brad Potter
|
Pitching: RHP Mike Heath
|
|
Batting: LHB Joe Kent
|
0-0: Ball 1-0: Reached on error, E4 (Groundball, 4MD)
|
Batting: RHB Bill Gilmore
|
0-0: Ball 1-0: Ground out 5-3 (Groundball, 56)
|
Batting: RHB Joe Meads
|
0-0: Ball 1-0: Ground out 6-3 (Groundball, 6) Joe Kent to third
|
Batting: RHB Jim MacAchounich
|
0-0: Swinging Strike 0-1: Called Strike 0-2: Foul Ball, location: 2F 0-2: Ball 1-2: Strikes out looking
|
Bottom of the 6th over - 0 run(s), 0 hit(s), 1 error(s), 1 left on base; Boston College 3 - Purdue 6 |
TOP OF THE 7TH |
Boston College Eagles batting - Pitching for Purdue Boilermakers : RHP Jonathan Clark
|
Batting: RHB Stanley Wallace
|
0-0: Swinging Strike 0-1: Called Strike 0-2: Ball 1-2: Strikes out swinging
|
Batting: RHB Jason Sears
|
0-0: Ball 1-0: Swinging Strike 1-1: Swinging Strike 1-2: Ground out 5-3 (Groundball, 56S)
|
Batting: LHB Hoyt Baldwin
|
0-0: Ball 1-0: Fly out, F9 (Flyball, 9)
|
Top of the 7th over - 0 run(s), 0 hit(s), 0 error(s), 0 left on base; Boston College 3 - Purdue 6 |
BOTTOM OF THE 7TH |
Purdue Boilermakers batting - Pitching for Boston College Eagles : RHP Mike Heath
|
Batting: SHB Bryan Atkins
|
0-0: Ball 1-0: Called Strike 1-1: Called Strike 1-2: Ball 2-2: Fly out, F7 (Flyball, 7)
|
Batting: SHB Darren Campbell
|
0-0: Foul Ball, location: 2F 0-1: Ball 1-1: Foul Ball, location: 2F 1-2: Strikes out swinging
|
Batting: SHB Johnny Jackson
|
0-0: Ball 1-0: Ball 2-0: Fly out, F4 (Popup, 3D)
|
Bottom of the 7th over - 0 run(s), 0 hit(s), 0 error(s), 0 left on base; Boston College 3 - Purdue 6 |
TOP OF THE 8TH |
Boston College Eagles batting - Pitching for Purdue Boilermakers : RHP Jonathan Clark
|
Now at C: Javier Moreno
|
|
Batting: SHB Marvin MacGeoch
|
0-0: Ball 1-0: Ball 2-0: Ball 3-0: Base on Balls
|
Pitching: RHP Pablo Rodríguez
|
|
Batting: RHB Alan Mercado
|
0-0: Foul Ball, location: 2F 0-1: Swinging Strike 0-2: Strikes out swinging
|
Batting: RHB Armando Blanco
|
0-0: Swinging Strike 0-1: Foul Ball, location: 2F 0-2: Ball 1-2: Ball 2-2: Ball 3-2: Base on Balls Marvin MacGeoch to second
|
Pitching: LHP Christian Rousseau
|
|
Batting: SHB Felipe Castro
|
0-0: Ball 1-0: Called Strike 1-1: Ball 2-1: Foul Ball, location: 2F 2-2: Fly out, F5 (Popup, 5L)
|
Batting: LHB Rafael Yan
|
0-0: Ball 1-0: Swinging Strike 1-1: Ball 2-1: Foul Ball, location: 2F 2-2: Fly out, F8 (Flyball, 78M)
|
Top of the 8th over - 0 run(s), 0 hit(s), 0 error(s), 2 left on base; Boston College 3 - Purdue 6 |
BOTTOM OF THE 8TH |
Purdue Boilermakers batting - Pitching for Boston College Eagles : RHP Mike Heath
|
Batting: LHB Rodney Harrison
|
0-0: Called Strike 0-1: Foul Ball, location: 2F 0-2: Foul Ball, location: 2F 0-2: Strikes out swinging
|
Batting: RHB Jorge Molina
|
0-0: Ball 1-0: Ball 2-0: Ball 3-0: Called Strike 3-1: SINGLE (Groundball, 6MD)
|
Batting: LHB Joe Kent
|
0-0: Ball 1-0: Foul Ball, location: 2F 1-1: Foul Ball, location: 2F 1-2: Strikes out looking
|
Batting: RHB Bill Gilmore
|
0-0: Swinging Strike 0-1: Swinging Strike 0-2: Strikes out swinging
|
Bottom of the 8th over - 0 run(s), 1 hit(s), 0 error(s), 1 left on base; Boston College 3 - Purdue 6 |
TOP OF THE 9TH |
Boston College Eagles batting - Pitching for Purdue Boilermakers : LHP Christian Rousseau
|
Pitching: RHP Ed Jackson
|
|
Batting: RHB Justin Waterston
|
0-0: Called Strike 0-1: SINGLE (Groundball, 34D)
|
Batting: RHB Stanley Wallace
|
0-0: Ball 1-0: Foul Ball, location: 2F 1-1: Ball 2-1: Grounds into double play, 4-6-3 (Groundball, 4)
|
Batting: RHB Jason Sears
|
0-0: Ball 1-0: Ground out 5-3 (Groundball, 5)
|
Top of the 9th over - 0 run(s), 1 hit(s), 0 error(s), 0 left on base; Boston College 3 - Purdue 6 |
|